 Dungeon Crawl Stone Soup version 0.31-a0-145-g046c7d2549 (webtiles) character file.

Game seed: 3285081595797292944

1451 mopl the Chopper (level 8, -3/63 HPs)
             Began as a Demonspawn Fighter on June 5, 2023.
             Killed by divine providence
             ... invoked by an orc priest
              (9 damage)
             ... on level 6 of the Dungeon.
             The game lasted 00:06:17 (4317 turns).

mopl the Chopper (Demonspawn Fighter)               Turns: 4317, Time: 00:06:18

Health: -3/63      AC: 10    Str: 19    XL:     8   Next: 47%
Magic:  0/8        EV: 10    Int: 12    God:
Gold:   208        SH:  8    Dex: 13    Spells: 7/7 levels left

rFire   . . .        a - +5 hand axe of Olaugupy {heavy, Int+3}
rCold   . . .        c - +0 buckler
rNeg    . . .        b - +0 scale mail
rPois   .            (no helmet)
rElec   .            j - +2 cloak
rCorr   .            (no gloves)
SInv    .            (no boots)
Will    +....        i - amulet of guardian spirit
Stlth   x              - ring of willpower
HPRegen 0.30/turn    (no ring)
MPRegen 0.11/turn

%: guardian spirit
@: mighty
A: powered by pain 1, condensation shield, weakness stinger 2
a: no special abilities


You were on level 6 of the Dungeon.
You visited 1 branch of the dungeon, and saw 6 of its levels.

You collected 208 gold pieces.

Inventory:

Hand Weapons
 a - the +5 hand axe of Olaugupy (weapon) {heavy, Int+3}
   (You found it on level 5 of the Dungeon)

   Int:       It affects your intelligence (+3).
Missiles
 l - 9 poisoned darts (quivered)
Armour
 b - a +0 scale mail (worn)
 c - a +0 buckler (worn)
 j - a +2 cloak (worn)
Jewellery
 g - a ring of ice
 i - an amulet of guardian spirit (around neck)
 x - a ring of willpower (left hand)
Wands
 h - a wand of iceblast (4)
 p - a wand of digging (5)
 u - a wand of flame (11)
 A - a wand of charming (10)
Scrolls
 e - 3 scrolls of identify
 f - 2 scrolls of magic mapping {unknown}
 m - 2 scrolls of noise {unknown}
 n - a scroll of brand weapon {unknown}
 q - a scroll of vulnerability {unknown}
 r - a scroll of fear {unknown}
 t - 2 scrolls of blinking {unknown}
 w - a scroll of enchant armour {unknown}
 y - a scroll of torment {unknown}
Potions
 d - 2 potions of might
 k - a potion of heal wounds
 o - 2 potions of curing
 s - a potion of mutation {unknown}
 v - a potion of lignification {unknown}
 z - a potion of berserk rage {unknown}


   Skills:
 + Level 5.4 Fighting
 * Level 6.1 Axes
 + Level 2.4 Throwing
 + Level 4.8 Armour
 + Level 3.8 Dodging
 - Level 2.6 Shields


You had 7 spell levels left.
You didn't know any spells.
Your spell library contained the following spells:

 Spells                   Type           Power      Damage    Failure   Level
 Blink                    Tloc           0%         N/A       87%         2
 Ensorcelled Hibernation  Hex/Ice        0%         N/A       87%         2
 Lesser Beckoning         Tloc           0%         N/A       87%         2
 Momentum Strike          Conj/Tloc      0%         3d8       87%         2
 Passwall                 Tmut/Erth      0%         N/A       87%         2
 Swiftness                Air            0%         N/A       98%         3
 Malign Gateway           Summ/Tloc      0%         N/A       100%        7
 Summon Horrible Things   Summ           0%         N/A       100%        8


Dungeon Overview and Level Annotations

Branches:
Dungeon (6/15)
 Temple: D:4-7

Altars:
Uskayaw
Yredelemnul

Shops:
D:2 [   D:5 :


Innate Abilities, Weirdness & Mutations

You sometimes gain a little power by taking damage.
A meltable shield of frost defends you. (SH +4)
You have a tail ending in a sharp stinger.


Message History

The orc priest mumbles some strange prayers to Beogh against you.
Beogh smites you! You block the orc priest's attack.
The orc priest closely misses you. The shadow imp closely misses you.
You slash the shadow imp!
You kill the shadow imp!
You slash the orc priest!
The orc priest mumbles some strange prayers to Beogh against you.
Pain shoots through your body!
The orc wizard gestures wildly while chanting.
The orc wizard flickers and vanishes!
Deactivating autopickup; reactivate with Ctrl-A.
You hear a shout!
Unknown command.
You hit the orc priest but do no damage.
The orc priest is almost dead.
The orc priest invokes the aid of Beogh against you.
Beogh smites you!
The orc priest calls down the wrath of Beogh upon you.
Beogh smites you!
You focus on the pain.
You feel very mighty all of a sudden.
An orc priest comes into view. It is wielding a +0 club.
The orc wizard hits you but does no damage.
You are too injured to fight recklessly!
You are too injured to fight recklessly!
Unknown command.
You slash the orc wizard!
You kill the orc wizard!
You slash the orc priest!
You kill the orc priest!
You closely miss the orc. The orc hits you with a +0 hand axe.
* * * LOW HITPOINT WARNING * * *
The orc priest invokes the aid of Beogh against you.
Beogh smites you!
* * * LOW HITPOINT WARNING * * *
Unknown command.
You barely miss the orc. You slash the orc priest! You closely miss something.
You closely miss the orc. The orc hits you but does no damage. x2
The orc priest calls down the wrath of Beogh upon you.
Beogh smites you!
You die...

#. #.
...........##.#
. #.
...........#..#
#.
.............#.
#.
...............
...............
.....o.........
.......oo......
......)@......#
......o..$..?..
......#........
.o.............
....# ##.......
.!.. .[.....
... .#.#... .
## ...###. #


You could see 3 orc priests and 2 orcs.

Vanquished Creatures
  Grinder (D:5)
  Menkaure (D:5)
  A black bear (D:5)
  2 ogres
  A phantom (D:4)
  3 scorpions (D:4)
  A howler monkey (D:4)
  A gnoll bouda (D:4)
  2 orc priests
  A hound (D:4)
  3 iguanas
  An orc wizard (D:6)
  Ijyb (D:4)
  11 adders
  8 gnolls
  3 shadow imps
  2 white imps (D:5)
  An ufetubus (D:4)
  A worm (D:2)
  5 dart slugs
  8 orcs
  2 ball pythons (D:3)
  6 endoplasms
  3 giant cockroaches
  7 goblins
  9 hobgoblins
  9 jackals
  5 quokkas
  8 bats
  2 frilled lizards
  10 kobolds
  7 rats
126 creatures vanquished.

Notes
Turn   | Place    | Note
-------+----------+-------------------------------------------
     0 | D:1      | mopl the Demonspawn Fighter began the quest for the Orb.
     0 | D:1      | Reached XP level 1. HP: 18/18 MP: 1/1
    62 | D:1      | Reached skill level 2 in Axes
   214 | D:1      | Gained mutation: A meltable shield of frost defends you.
                  | (SH +4) [demonic ancestry]
   214 | D:1      | Reached XP level 2. HP: 24/24 MP: 2/2
   821 | D:1      | Gained mutation: You have a small tail. [demonic ancestry]
   821 | D:1      | Reached XP level 3. HP: 29/29 MP: 3/3
   898 | D:2      | Reached skill level 3 in Armour
   926 | D:2      | Reached skill level 1 in Dodging
  1005 | D:2      | Found Ymanutiw's Armour Shop.
  1007 | D:2      | Gained mutation: You have a tail ending in a sharp stinger.
                  | [demonic ancestry]
  1007 | D:2      | Reached XP level 4. HP: 35/35 MP: 4/4
  1252 | D:2      | Reached skill level 3 in Axes
  2120 | D:2      | Reached XP level 5. HP: 21/42 MP: 2/5
  2380 | D:4      | Reached skill level 2 in Dodging
  2385 | D:4      | Noticed a phantom
  2407 | D:4      | Killed a phantom
  2408 | D:4      | Reached skill level 4 in Fighting
  2408 | D:4      | Reached skill level 4 in Axes
  2408 | D:4      | Reached XP level 6. HP: 47/48 MP: 6/6
  2985 | D:4      | Found a hide-covered altar of Uskayaw.
  2990 | D:4      | Reached skill level 4 in Armour
  2990 | D:4      | Reached XP level 7. HP: 55/55 MP: 7/7
  3128 | D:4      | Found a basalt altar of Yredelemnul.
  3369 | D:5      | Entered Level 5 of the Dungeon
  3369 | D:5      | Noticed Grinder
  3370 | D:5      | Noticed Ijyb
  3390 | D:4      | Reached skill level 5 in Axes
  3390 | D:4      | Reached skill level 3 in Dodging
  3593 | D:5      | Paralysed by Grinder for 5 turns
  3689 | D:4      | Killed Ijyb
  3690 | D:4      | Reached skill level 1 in Throwing
  3707 | D:5      | Paralysed by Grinder for 3 turns
  3711 | D:5      | Killed Grinder
  3712 | D:5      | Reached skill level 5 in Fighting
  3712 | D:5      | Gained mutation: You sometimes gain a little power by
                  | taking damage. [demonic ancestry]
  3712 | D:5      | Reached XP level 8. HP: 42/62 MP: 3/8
  3868 | D:5      | Reached skill level 2 in Throwing
  3969 | D:5      | Noticed Menkaure
  3975 | D:5      | Killed Menkaure
  3984 | D:5      | Found Ojucathe's Book Shop.
  4037 | D:5      | Identified the +5 hand axe of Olaugupy {heavy, Int+3}
  4053 | D:5      | Reached skill level 6 in Axes
  4317 | D:6      | Killed from afar by an orc priest

Illustrated notes

Levels and vault maps discovered:
D:1:      eino_arrival_tree_alley, layout_basic
D:2:      layout_basic, serial_shops, shop
D:3:      layout_loops_corners
D:4:      layout_loops_ring, mainiacjoe_overflow_alcove_4,
          nicolae_overflow_crystal_walls, nicolae_the_louvre
D:5:      layout_cave_pools, serial_shops, shop, uniq_grinder, uniq_ijyb,
          uniq_menkaure
D:6:      layout_rooms, uniq_eustachio

Skill      XL: |  1  2  3  4  5  6  7  8 |
---------------+-------------------------+-----
Axes           | 2 3 4 5 6 |  6.1
Armour         | 3 4 |  4.8
Dodging        | 1 2 3 |  3.8
Fighting       | 4 5 |  5.4
Throwing       | 1 2 |  2.4
Shields        | |  2.6

Action                     |  1- 3 |  4- 6 |  7- 9 || total
---------------------------+-------+-------+-------++-------
  Melee: War axe           |   115 |   142 |    93 ||   350
         Tailslap          |     5 |    21 |    12 ||    38
         Hand axe          |       |       |    17 ||    17
  Evoke: Wand              |       |       |    11 ||    11
    Use: Scroll            |       |     3 |       ||     3
 Armour: Scale mail        |    49 |    52 |    48 ||   149
  Dodge: Dodged            |    44 |    59 |    60 ||   163
  Block: Buckler           |    50 |    61 |    37 ||   148

Table legend: (Time is in decaauts)
 A = Elapsed time spent in this place.
 B = Non-inter-level travel time spent in this place.
 C = Inter-level travel time spent in this place.
 D = Time resting spent in this place.
 E = Time spent auto-exploring this place.
 F = Levels seen in this place.
 G = Mean time per level.
                   A        B        C        D        E       F      G
               +--------+--------+--------+--------+--------+-----+--------+
         Total |   4459 |   4306 |    153 |    486 |   2797 |   6 |  743.2 |
       Dungeon |   4459 |   4306 |    153 |    486 |   2797 |   6 |  743.2 |
               +--------+--------+--------+--------+--------+-----+--------+

Top non-repeatable levels by time:
     D:4: 1275 daAuts
     D:3: 971 daAuts
     D:1: 895 daAuts
     D:2: 642 daAuts
     D:5: 625 daAuts
     D:6: 50 daAuts
